 Dungeon Crawl Stone Soup version 0.17.0-24-gcfadda4 (webtiles) character file.

6412 UristPineapples the Basher (level 10, -7/68 HPs)
             Began as a Gargoyle Fighter on Nov 16, 2015.
             Was an Initiate of Ru.
             Killed by divine providence
             ... invoked by an orc priest
              (14 damage)
             ... on level 11 of the Dungeon.
             The game lasted 00:23:34 (10136 turns).

UristPineapples the Basher (Gargoyle Fighter)      Turns: 10136, Time: 00:23:35

Health: -7/68      AC: 17    Str: 23    XL:     10   Next: 98%
Magic:  10/10      EV:  7    Int:  8    God:    Ru [......]
Gold:   477        SH:  9    Dex: 10    Spells: 0 memorised, 9 levels left

rFire  . . .     SeeInvis .     a - +0 flail
rCold  + . .     Clarity  .     F - +1 scale mail {rC+}
rNeg   + . .     SustAt   .     c - +0 shield
rPois  ∞         Gourm    .     (no helmet)
rElec  +         Spirit   .     (no cloak)
rCorr  .         Warding  .     l - +0 pair of gloves
rMut   .         Stasis   .     (no boots)
MR     .....                    (no amulet)
Stlth  ..........               (no ring)
                                (no ring)

@: not resistant to hostile enchantments, extremely unstealthy
A: negative energy resistance 1, electricity resistance, unbreathing,
petrification resistance, rot immunity, AC +7
a: Sacrifice Courage, Sacrifice Words, Sacrifice a Hand, Reject Sacrifices,
Renounce Religion


You were on level 11 of the Dungeon.
You worshipped Ru.
Ru was noncommittal.
You were hungry.

You visited 2 branches of the dungeon, and saw 12 of its levels.

You collected 477 gold pieces.

Inventory:

Hand Weapons
 a - a +0 flail (weapon)
 g - a +0 blowgun
Missiles
 s - 81 poisoned needles
 O - 2 throwing nets
Armour
 c - a +0 shield (worn)
 l - a +0 pair of gloves (worn)
 F - a +1 scale mail of cold resistance (worn)
Jewellery
 G - a cursed ring of loudness {unknown}
 N - an uncursed ring of protection from fire {unknown}
Wands
 b - a wand of flame (26)
 D - a wand of confusion (22)
 J - a wand of disintegration (0)
 K - a wand of flame (22)
 L - a wand of fire (0)
 P - a wand of fireball (6)
Scrolls
 f - 2 scrolls of fear {unknown}
 i - 2 scrolls of blinking {unknown}
 j - 4 scrolls of identify {unknown}
 k - a scroll of magic mapping {unknown}
 m - 2 scrolls of fog {unknown}
 o - 2 scrolls of enchant armour {unknown}
 q - 4 scrolls of teleportation {unknown}
 u - a scroll of enchant weapon {unknown}
 x - 7 scrolls of remove curse {unknown}
 y - 3 scrolls of recharging {unknown}
 A - a scroll of amnesia {unknown}
 M - a scroll of torment {unknown}
Potions
 d - 3 potions of might
 h - 3 potions of ambrosia {unknown}
 n - 3 potions of brilliance {unknown}
 p - 5 potions of heal wounds {unknown}
 r - a potion of poison {unknown}
 t - 5 potions of curing {unknown}
 v - 2 potions of cancellation {unknown}
 w - a potion of resistance {unknown}
 z - 3 potions of lignification {unknown}
 B - a potion of berserk rage {unknown}
 C - 2 potions of flight {unknown}
 I - a potion of degeneration {unknown}
Comestibles
 e - 4 bread rations
 E - 4 fruits
 H - 2 meat rations


   Skills:
 + Level 9.8 Fighting
 * Level 11.8 Maces & Flails
 + Level 8.7 Armour
 - Level 3.2 Shields


You had 9 spell levels left.
You didn't know any spells.

Dungeon Overview and Level Annotations

Branches:
Dungeon (11/15)            Temple (1/1) D:6            Lair (0/8) D:11
    Orc: D:9-12

Altars:
Ashenzari
Cheibriados
Dithmenos
Elyvilon
Fedhas
Gozag
Kikubaaqudgha
Makhleb
Nemelex Xobeh
Okawaru
Qazlal
Ru
Sif Muna
Trog
Vehumet
Xom
Yredelemnul
Zin
The Shining One

Shops:
D:8 ?   D:10 :

Annotations:
D:8 Erica


Innate Abilities, Weirdness & Mutations

You are resistant to torment.
Your stone body is resilient (AC +7).
You are immune to poison.
You resist negative energy.
You are resistant to electric shocks.
You can survive without breathing.
You are immune to petrification.
You are immune to rotting.


Message History

Unknown command.
Wield which item (- for none, * to show all)? (? for menu, Esc to quit)
a - a +0 flail (weapon)
The giant frog zombie hits you.
* * * LOW HITPOINT WARNING * * *
You hit the giant frog zombie.
You block the giant frog zombie's attack.
Unknown command.
You hit the giant frog zombie but do no damage.
The giant frog zombie hits you but does no damage.
You sock the giant frog zombie!
The giant frog zombie hits you but does no damage.
The giant frog zombie hits you.
* * * LOW HITPOINT WARNING * * *
Drink which item? (? for menu, Esc to quit)
Okay, then.
Your shield and scale mail prevent you from hitting the giant frog zombie.
The orc priest mumbles some strange prayers to Beogh against you.
Something smites you!
You die...

.....>h #...o..
#.....o #..o..
#..... # #.... .#
####...###########.#
...(...hoZ@........+
...#########.....##
#.....# ....#
#.....# ....#
#.....####...#
#........#...#
#........#...#
####........#...#
#>..........#...#


You could see a warg, an orc priest and a giant frog zombie.

Vanquished Creatures
  Harold (D:11)
  A hill giant (D:10)
  2 trolls (D:10)
  6 yaks (D:10)
  A hippogriff (D:10)
  2 wargs (D:11)
  A black bear (D:9)
  A phantom (D:4)
  2 necrophages (D:10)
  4 sky beasts
  2 orc warriors
  9 ogres
  2 ice beasts
  A centaur (D:8)
  2 big kobolds
  5 giant frogs
  A scorpion (D:5)
  5 wights
  2 crimson imps (D:5)
  A giant frog zombie (D:5)
  A jelly (D:9)
  A centaur zombie (D:7)
  An orc priest (D:11)
  3 orc wizards
  4 hounds
  2 iguanas
  2 giant frog skeletons
  Terence (D:3)
  2 worker ants
  18 adders
  A shadow imp (D:6)
  An ooze (D:1)
  An adder zombie (D:9)
  2 adder skeletons
  2 worms (D:3)
  38 orcs
  A ball python (D:2)
  9 bats
  9 giant cockroaches
  10 goblins
  11 hobgoblins
  4 quokkas
  3 giant geckos
  8 giant newts
  8 jackals
  20 kobolds
  3 rats
217 creatures vanquished.

Notes
Turn   | Place    | Note
--------------------------------------------------------------
     0 | D:1      | UristPineapples the Gargoyle Fighter began the quest for the Orb.
     0 | D:1      | Reached XP level 1. HP: 14/14 MP: 1/1
   176 | D:1      | Reached XP level 2. HP: 8/19 MP: 2/2
   475 | D:1      | Reached XP level 3. HP: 22/24 MP: 3/3
   708 | D:2      | Found a snail-covered altar of Cheibriados.
   827 | D:2      | Reached skill level 4 in Fighting
  1038 | D:2      | Reached XP level 4. HP: 27/29 MP: 4/4
  1450 | D:2      | Found a deep blue altar of Sif Muna.
  1885 | D:3      | You fall through a shaft for 3 floors!
  1893 | D:5      | Entered Level 5 of the Dungeon
  1904 | D:4      | Noticed an ogre
  1928 | D:5      | Reached XP level 5. HP: 30/34 MP: 5/5
  2246 | D:5      | Noticed a giant frog
  2256 | D:5      | Killed a giant frog
  2256 | D:5      | Reached skill level 5 in Maces & Flails
  2256 | D:5      | Reached XP level 6. HP: 32/40 MP: 6/6
  2266 | D:5      | Reached skill level 5 in Fighting
  2652 | D:3      | Noticed Terence
  2658 | D:3      | Killed Terence
  3180 | D:4      | Noticed a phantom
  3233 | D:4      | Killed a phantom
  3233 | D:4      | Reached skill level 6 in Maces & Flails
  3233 | D:4      | Reached XP level 7. HP: 24/45 MP: 7/7
  3536 | D:5      | Noticed an ogre
  3540 | D:5      | Killed an ogre
  3626 | D:5      | Noticed an ogre
  3643 | D:5      | Killed an ogre
  4274 | D:6      | Found an opulent altar of Gozag.
  4524 | D:6      | Found a staircase to the Ecumenical Temple.
  4579 | Temple   | Entered the Ecumenical Temple
  4779 | Temple   | Became a worshipper of Ru the Awakened
  4957 | D:5      | Reached skill level 7 in Maces & Flails
  4957 | D:5      | Reached XP level 8. HP: 17/51 MP: 8/8
  5294 | D:6      | Reached skill level 5 in Armour
  5362 | D:7      | Found an iron altar of Okawaru.
  5577 | D:7      | Found a radiant altar of Vehumet.
  5578 | D:7      | Found a basalt altar of Yredelemnul.
  5578 | D:7      | Found an ancient bone altar of Kikubaaqudgha.
  5992 | D:7      | Reached skill level 8 in Maces & Flails
  6408 | D:8      | Reached XP level 9. HP: 34/57 MP: 9/9
  6542 | D:8      | Found Goroown's Magic Scroll Shoppe.
  6657 | D:8      | Reached skill level 9 in Maces & Flails
  6842 | D:8      | Noticed Erica
  7224 | D:10     | Entered Level 10 of the Dungeon
  7866 | D:10     | Reached skill level 10 in Maces & Flails
  7896 | D:10     | Reached XP level 10. HP: 45/65 MP: 10/10
  8678 | D:9      | Found a basalt altar of Yredelemnul.
  8768 | D:10     | Noticed a hill giant
  8787 | D:10     | Killed a hill giant
  8787 | D:10     | Reached skill level 11 in Maces & Flails
  9447 | D:10     | Found Omaoxus's Book Boutique.
  9917 | D:11     | Noticed Harold
  9996 | D:11     | Killed Harold
 10099 | D:11     | Found a staircase to the Lair.
 10136 | D:11     | Killed from afar by an orc priest

Action                   |  1- 3 |  4- 6 |  7- 9 | 10-12 || total
-------------------------+-------+-------+-------+-------++-------
Melee: Flail             |   163 |   248 |   428 |   201 ||  1040
 Fire: Blowgun           |       |       |       |    16 ||    16
Evoke: Wand              |       |       |     3 |     4 ||     7
  Eat: Chunk             |       |     6 |     9 |     6 ||    21
       Pizza             |       |     1 |       |       ||     1
       Beef jerky        |       |       |     1 |     1 ||     2
       Meat ration       |       |       |     1 |       ||     1
